 Dungeon Crawl Stone Soup version 0.29.1-1-gd02db6906a (webtiles) character file.

Game seed: 13982831031732001467

25 tardwrangler69 the Digger (level 3, -5/21 HPs)
             Began as an Octopode Earth Elementalist on Oct 5, 2022.
             Killed from afar by Natasha (11 damage)
             ... with a puff of flame
             ... on level 2 of the Dungeon.
             The game lasted 00:02:08 (1178 turns).

tardwrangler69 the Digger (OpEE)                    Turns: 1178, Time: 00:02:08

Health: -5/21      AC:  1    Str:  7    XL:     3   Next: 4%
Magic:  6/6        EV: 13    Int: 19    God:
Gold:   70         SH:  0    Dex: 12    Spells: 6/7 levels left

rFire   . . .      SeeInvis .   (no weapon)
rCold   . . .      Faith    .   (no shield)
rNeg    . . .      Spirit   .   (helmet restricted)
rPois   .          Reflect  .   (no amulet)
rElec   .          Harm     .   (no ring)
rCorr   .          Rampage  .   (no ring)
Will    .....                   (no ring)
Stlth   +++.......              (no ring)
HPRegen 0.07/turn               (no ring)
MPRegen 0.10/turn               (no ring)
                                (no ring)
                                (no ring)

@: no status effects
A: almost no armour, amphibious, 8 rings, camouflage 1, gelatinous body 1,
(nimble swimmer 1), tentacles
a: no special abilities


You were on level 2 of the Dungeon.
You visited 1 branch of the dungeon, and saw 2 of its levels.

You collected 70 gold pieces.

Inventory:

Scrolls
 c - 2 scrolls of teleportation {unknown}
 e - a scroll of fear {unknown}
Potions
 a - a potion of magic
 b - a potion of attraction {unknown}
 d - a potion of curing {unknown}


   Skills:
 - Level 2.0 Dodging
 - Level 2.6 Stealth
 + Level 2.6 Spellcasting
 - Level 1.0 Transmutations
 + Level 3.6 Earth Magic


You had 6 spell levels left.
You knew the following spells:

 Your Spells              Type           Power      Damage    Failure   Level
a - Sandblast             Erth           32%        2d9       3%          1

Your spell library contained the following spells:

 Spells                   Type           Power      Damage    Failure   Level
 Passwall                 Tmut/Erth      9%         N/A       10%         2
 Stone Arrow              Conj/Erth      18%        3d8       22%         3
 Petrify                  Tmut/Erth      11%        N/A       52%         4


Dungeon Overview and Level Annotations

Branches:
Dungeon (2/15)

Altars:

Annotations:
D:2 Natasha, Sigmund


Innate Abilities, Weirdness & Mutations

You cannot wear most types of armour.
You are amphibious.
You can wear up to eight rings at the same time.
Your skin changes colour to match your surroundings (Stealth+).
Your rubbery body absorbs attacks. (AC +1, EV +1)
((You are camouflaged when in or above water. (Stealth+)))
You have tentacles for arms and can constrict up to eight enemies at once.


Message History

A frilled lizard is nearby!
Found a scroll labelled JOSILEPLOX.
Casting: Sandblast (safe; 3% risk of failure)
Confirm with . or Enter, or press ? or * to list all spells.
Aiming: Sandblast (safe; 3% risk of failure)
Press: ? - help, Shift-Dir - straight line, f - frilled lizard
Aim: a frilled lizard (asleep, 100% to hit)
The blast of sand hits the frilled lizard!
You kill the frilled lizard!
Casting: Sandblast (safe; 3% risk of failure)
Confirm with . or Enter, or press ? or * to list all spells.
Aiming: Sandblast (safe; 3% risk of failure)
Press: ? - help, Shift-Dir - straight line, f - you That would be overly suicidal.
Okay, then.
Unknown command.
Magic restored.
Sigmund and Natasha come into view.
Sigmund is wielding a +0 scythe and carrying a wand of roots (4).
Natasha is carrying a wand of flame (22).
Sigmund shouts!
Natasha hisses angrily.
Sigmund zaps a wand.
The roots erupt in riotous growth!
The grasping roots grab you! The grasping roots constrict you.
You hear a shout!
There are monsters nearby!
There are monsters nearby!
There are monsters nearby!
Casting: Sandblast (safe; 3% risk of failure)
Confirm with . or Enter, or press ? or * to list all spells.
Aiming: Sandblast (safe; 3% risk of failure)
Press: ? - help, Shift-Dir - straight line, f - you That would be overly suicidal.
Okay, then.
You escape the roots grasp.
Natasha zaps a wand.
The puff of flame hits you!
Ouch! That really hurt!
* * * LOW HITPOINT WARNING * * *
Natasha zaps a wand.
The puff of flame hits you!
Ouch! That really hurt!
You die...

.......#. #.#
......... #.#
#.......# #.#
#...h...# #.#
##?......# #.#
#...@..# #.# #..#
###.####..##.#
.###..<..@......#
#.............####
#######...........
#..####.#### #...
#.# ##..# #.# #..#
#.# #..# .. #..#


You could see Sigmund and Natasha.

Vanquished Creatures
  A dart slug (D:1)
  An endoplasm (D:1)
  2 giant cockroaches (D:1)
  A goblin (D:1)
  2 hobgoblins (D:1)
  5 kobolds (D:1)
  A quokka (D:1)
  A ball python (D:1)
  3 bats (D:1)
  2 frilled lizards
  3 rats (D:1)
22 creatures vanquished.

Notes
Turn   | Place    | Note
-------+----------+-------------------------------------------
     0 | D:1      | tardwrangler69 the Octopode Earth Elementalist began the
                  | quest for the Orb.
     0 | D:1      | Reached XP level 1. HP: 11/11 MP: 3/3
   189 | D:1      | Reached XP level 2. HP: 17/17 MP: 3/5
  1008 | D:1      | Reached XP level 3. HP: 21/21 MP: 4/6
  1175 | D:2      | Noticed Sigmund
  1175 | D:2      | Noticed Natasha
  1178 | D:2      | Killed from afar by Natasha

Illustrated notes

Levels and vault maps discovered:
D:1:      dpeg_arrival_pits, layout_basic, serial_rivers,
          chequers_serial_rivers_room_b, chequers_serial_rivers_small_3,
          chequers_serial_rivers_micro_b, chequers_serial_rivers_small_b,
          chequers_serial_rivers_small_a, minmay_pentomino_v2
D:2:      layout_loops_ring, dreamdust_ecumenical_altar_statues, uniq_sigmund,
          uniq_natasha, uniq_terence, uniq_jessica

Action                   || total
-------------------------++-------
Melee: Unarmed           ||     7
       Tentacles         ||     3
       Constrict         ||     2
 Cast: Sandblast         ||    26
Armor: Skin              ||     1
Dodge: Dodged            ||     9
